 Dungeon Crawl Stone Soup version 0.25-a0-294-gea9b1ad378 (webtiles) character file.

Game seed: 1118118825292525271, levelgen mode: deterministic

100 Error4North the Skirmisher (level 4, 0/40 HPs)
             Began as a Hill Orc Fighter on Dec 17, 2019.
             Succumbed to an adder's poison
             ... on level 2 of the Dungeon.
             The game lasted 00:05:15 (995 turns).

Error4North the Skirmisher (Hill Orc Fighter)        Turns: 995, Time: 00:05:16

Health: 0/40       AC:  7    Str: 18    XL:     4   Next: 74%
Magic:  4/4        EV:  7    Int:  9    God:
Gold:   36         SH:  9    Dex: 10    Spells: 4/4 levels left

rFire    . . .     SeeInvis .   a - +0 war axe
rCold    . . .     Gourm    .   c - +0 shield
rNeg     . . .     Faith    .   b - +0 scale mail
rPois    .         Spirit   .   (no helmet)
rElec    .         Reflect  .   (no cloak)
rCorr    .         Harm     .   (no gloves)
MR       .....                  (no boots)
Stlth    ..........             (no amulet)
HPRegen  0.13/turn              (no ring)
MPRegen  0.09/turn              (no ring)

@: lethally poisoned (0 -> -7)
A: no striking features
a: no special abilities


You were on level 2 of the Dungeon.
You were hungry.

You visited 1 branch of the dungeon, and saw 2 of its levels.

You collected 36 gold pieces.

Inventory:

Hand Weapons
 a - a +0 war axe (weapon)
Armour
 b - a +0 scale mail (worn)
 c - a +0 shield (worn)
Jewellery
 e - an uncursed amulet of the acrobat {unknown}
Scrolls
 d - a scroll of amnesia {unknown}
Comestibles
 f - 4 rations


   Skills:
 * Level 4.2 Fighting
 + Level 3.5 Axes
 * Level 3.9 Armour
 + Level 1.0 Dodging
 * Level 4.0 Shields
 * Level 0.5 Spellcasting


You had 4 spell levels left.
You didn't know any spells.
Your spell library was empty.

Dungeon Overview and Level Annotations

Branches:
Dungeon (2/15)

Altars:


Message History

* * * LOW HITPOINT WARNING * * *
You feel sick. The adder bites you but does no damage.
You miss the adder.
The adder is severely wounded.
* * * LOW HITPOINT WARNING * * *
You feel sick. You block the adder's attack.
The adder bites you but does no damage.
You aren't carrying any potions.
You closely miss the adder.
The adder is severely wounded.
* * * LOW HITPOINT WARNING * * *
You feel sick. You block the adder's attack. The adder barely misses you.
You miss the adder.
The adder is severely wounded.
* * * LOW HITPOINT WARNING * * *
You feel sick. You block the adder's attack. The adder bites you.
* * * LOW HITPOINT WARNING * * *
You hit the adder.
You kill the adder!
You die...

# .#
#####.### ...
#.......
....###.#.#.#
......†@....#
............#
....####...##
..# ##.## .
#.# #.# ##'##
##...##
##.....##


There were no monsters in sight!

Vanquished Creatures
  A howler monkey zombie (D:2)
  A gnoll (D:1)
  2 adders (D:2)
  A worm (D:2)
  2 dart slugs (D:1)
  3 giant cockroaches (D:1)
  9 goblins (D:1)
  6 hobgoblins
  7 jackals
  5 bats (D:1)
  3 frilled lizards (D:1)
  9 kobolds
  2 rats (D:2)
51 creatures vanquished.

Notes
Turn   | Place    | Note
-------+----------+-------------------------------------------
     0 | D:1      | Error4North the Hill Orc Fighter began the quest for the
                  | Orb.
     0 | D:1      | Reached XP level 1. HP: 19/19 MP: 1/1
    74 | D:1      | Reached XP level 2. HP: 26/27 MP: 2/2
   183 | D:1      | Reached XP level 3. HP: 22/33 MP: 3/3
   701 | D:2      | Reached XP level 4. HP: 40/40 MP: 4/4
   925 | D:2      | Reached skill level 1 in Dodging
   994 | D:2      | HP: 1/40 [adder (4)]
   995 | D:2      | Succumbed to an adder's poison

Levels and vault maps discovered:
D:1:      nicolae_arrival_washed_ashore, layout_loops_ring,
          hangedman_decor_clover_reticule
D:2:      layout_loops_corners, nicolae_overflow_crystal_walls,
          kennysheep_vampire_church, first_ration,
          wander_ebering_terrifying_dragon_lair

Skill      XL: |  1  2  3  4 |
---------------+-------------+-----
Axes           | 3 |  3.5
Fighting       | 4 |  4.2
Shields        | 4 |  4.0
Dodging        | 1 |  1.0
Armour         | |  3.9
Spellcasting   | |  0.5

Action                   |  1- 3 |  4- 6 || total
-------------------------+-------+-------++-------
Melee: War axe           |    82 |    64 ||   146
  Use: Potion            |     1 |       ||     1
Armor: Scale mail        |    43 |    24 ||    67
Dodge: Dodged            |    29 |    18 ||    47
Block: Shield            |    50 |    34 ||    84

Table legend:
 A = Non-vault XP
 B = Vault XP
 C = Vault XP percentage of total XP
 D = Non-vault monster count
 E = Vault monster count
 F = Vault count percentage of total count
                 A         B        C        D         E       F
            +---------+---------+-------+---------+---------+-------
      Total |     144 |       0 |   0.0 |      51 |       0 |   0.0
            +---------+---------+-------+---------+---------+-------
        D:1 |      81 |       0 |   0.0 |      38 |       0 |   0.0
        D:2 |      63 |       0 |   0.0 |      13 |       0 |   0.0
            +---------+---------+-------+---------+---------+-------
